 Dungeon Crawl Stone Soup version 0.23.2-33-g5129a83184 (webtiles) character file.

Game seed: 957414457665535512

21575 Exodus22XD the Cleaver (level 12, -6/112 HPs)
             Began as a Minotaur Fighter on June 27, 2019.
             Was the Champion of the Shining One.
             Mangled by a blink frog (14 damage)
             ... on level 6 of the Lair of Beasts.
             The game lasted 00:49:46 (14440 turns).

Exodus22XD the Cleaver (Minotaur Fighter)          Turns: 14440, Time: 00:49:48

Health: -6/112     AC: 12    Str: 26    XL:     12   Next: 55%
Magic:  11/11      EV: 10    Int:  5    God:    the Shining One [******]
Gold:   901        SH: 12    Dex: 10    Spells: 11/11 levels left

rFire    . . .     SeeInvis +   O - +0 broad axe
rCold    . . .     Gourm    .   c - +0 shield
rNeg     + + +     Faith    .   s - +0 chain mail
rPois    .         Spirit   .   (helmet restricted)
rElec    .         Reflect  .   G - scarf {repulsion}
rCorr    .         Harm     +   (no gloves)
MR       .....                  (no boots)
Stlth    ..........             K - amulet of harm
HPRegen  0.28/turn              k - ring of flight
MPRegen  0.12/turn              L - ring of see invisible

@: about to teleport, marked, glowing, repel missiles
A: retaliatory headbutt, horns 2
a: Divine Shield, Cleansing Flame, Summon Divine Warrior, Brand Weapon With Holy
Wrath, Renounce Religion, Evoke Flight


You were on level 6 of the Lair of Beasts.
You worshipped the Shining One.
The Shining One was exalted by your worship.
You were not hungry.

You visited 3 branches of the dungeon, and saw 17 of its levels.
You also visited: Ossuary.

You collected 901 gold pieces.

Inventory:

Hand Weapons
 a - a +0 flail of draining
 l - the +7 falchion of the Vendetta {freeze, MR+ Str+7 Dex-5, unknown}
   (You found it on level 10 of the Dungeon)

   It has been specially enchanted to freeze those struck by it, causing extra
   injury to most foes and up to half again as much damage against particularly
   susceptible opponents.
   It can also slow down cold-blooded creatures.
   It affects your strength (+7).
   It affects your dexterity (-5).
   It affects your resistance to hostile enchantments.
 A - a +2 scythe of slicing
 O - a +0 broad axe (weapon)
Armour
 c - a +0 shield (worn)
 s - a +0 chain mail (worn)
 u - a +0 plate armour
 G - a scarf of repulsion (worn)
 J - a +2 scale mail of fire resistance
Jewellery
 k - a ring of flight (left hand)
 K - an amulet of harm (around neck)
 L - a ring of see invisible (right hand)
Wands
 r - a wand of digging (12)
 y - a wand of random effects (20)
 C - a wand of polymorph (16)
 D - a wand of iceblast (7)
 E - a wand of acid (8)
Scrolls
 b - a scroll of noise {unknown}
 j - 17 scrolls of remove curse
 m - 7 scrolls of enchant weapon
 n - 3 scrolls of magic mapping
 o - a scroll of immolation {unknown}
 p - 5 scrolls of amnesia
 t - 4 scrolls of random uselessness
 B - 2 scrolls of enchant armour {unknown}
 F - 3 scrolls of teleportation
 H - a scroll of fog {unknown}
 I - a scroll of holy word {unknown}
 P - a scroll of identify
Potions
 d - 3 potions of might
 e - 4 potions of brilliance
 g - 2 potions of haste
 i - 2 potions of curing
 v - 5 potions of agility
 w - 2 potions of flight
 z - 5 potions of degeneration
 M - a potion of lignification {unknown}
 N - a potion of cancellation {unknown}
Miscellaneous
 h - a box of beasts
Comestibles
 f - 29 rations


   Skills:
 + Level 11.8 Fighting
 - Level 14.5 Axes
 + Level 12.5 Armour
 + Level 4.4 Dodging
 - Level 1.6 Stealth
 + Level 10.9 Shields


You had 11 spell levels left.
You didn't know any spells.
Your spell library contained the following spells:

 Spells                   Type           Power        Failure   Level  Hunger
 Apportation              Tloc           #.....       98%         1    ##.....
 Summon Butterflies       Summ           #.......     98%         1    ##.....
 Lesser Beckoning         Tloc           #.........   100%        3    ####...
 Tukima's Dance           Hex            #.......     100%        3    ####...
 Alistair's Intoxication  Tmut/Pois      #.......     100%        5    ######.
 Irradiate                Conj/Tmut      #.........   100%        5    ######.
 Hydra Form               Tmut           #.........   100%        6    #######
 Invisibility             Hex            #.......     100%        6    #######
 Statue Form              Tmut/Erth      #........    100%        6    #######
 Dragon Form              Tmut           #.........   100%        7    #######


Dungeon Overview and Level Annotations

Branches:
Dungeon (10/15)            Temple (1/1) D:5            Lair (6/6) D:10
  Swamp (0/4) Lair:3        Snake (0/4) Lair:2        Slime (0/5) Lair:5
    Orc (0/2) D:9

Altars:
Ashenzari
Cheibriados
Dithmenos
Elyvilon
Fedhas
Gozag
Hepliaklqana
Kikubaaqudgha
Makhleb
Nemelex Xobeh
Okawaru
Qazlal
Ru
Sif Muna
Trog
Uskayaw
Vehumet
Wu Jian
Xom
Yredelemnul
Zin
The Shining One
Jiyva


Innate Abilities, Weirdness & Mutations

You reflexively headbutt those who attack you in melee.
You have a pair of horns on your head.


Message History

* * * LOW HITPOINT WARNING * * *
The blink frog blinks! x2
As you read the scroll of teleportation, it crumbles to dust.
You feel strangely unstable.
You feel sick. The black mamba bites you!
* * * LOW HITPOINT WARNING * * *
You are more poisoned.
The black mamba poisons you! The black mamba bites you.
* * * LOW HITPOINT WARNING * * *
The death yak snorts and paws the ground.
The black mamba barely misses you. You furiously retaliate!
You headbutt the black mamba!
The black mamba bites you but does no damage.
The spiny frog barely misses you.
You feel better.
The black mamba seems to regain its courage.
The black mamba barely misses you. You block the black mamba's attack.
The blink frog blinks!
A komodo dragon comes into view.
The blink frog hits you!
You die...

...###................##
....#....##..........##
........#..ยง.......##
...D...P#...........#
#..F..#....#.....#
#.<..#..........##
##P..###..........# #
#......F#.###.....#
#.#....#tS@...F.....##
#........SF...#....#.#
.#....Y..S#....##....##
#.....Y.........##....P#
.#..Y.#.#....^..##......#
....###......#.##.....##
..YS.ltP....#####.....##
.#..#P.....##.........#
###......P.#.#.....#P.#


You could see a death yak, a komodo dragon, 3 black mambas, a spiny frog, 2
blink frogs, 2 crocodiles and a dream sheep.

Vanquished Creatures
  Josephine (Lair:4)
  Erolcha (D:9)
  A two-headed ogre (D:9)
  Pikel (D:4)
  A guardian serpent (Lair:2)
  2 black mambas
  5 spiny frogs
  3 komodo dragons
  A troll (D:10)
  2 tyrant leeches (Lair:3)
  Grinder (D:6)
  5 hippogriffs
  A spriggan (D:7)
  25 yaks
  Sigmund (D:5)
  2 humans (D:10)
  4 wraiths (Lair:4)
  3 basilisks (Lair:3)
  2 hungry ghosts
  A swamp worm (Lair:3)
  2 wargs (D:9)
  8 water moccasins
  7 porcupines
  3 black bears
  4 ice beasts
  A phantom (D:8)
  12 wolves
  6 centaurs
  An eye of draining (D:10)
  4 ogres
  6 crocodiles
  2 big kobolds
  14 bullfrogs
  2 water moccasin zombies (Ossuary)
  2 scorpions
  10 killer bees
  5 wights (D:10)
  8 howler monkeys
  6 crimson imps
  2 quasits
  A jelly (D:7)
  A centaur skeleton (D:7)
  2 orc priests
  4 bullfrog skeletons
  A bullfrog zombie (D:8)
  6 hounds
  6 orc wizards
  Crazy Yiuf (D:4)
  2 iguanas
  3 hell rats (Lair:1)
  7 worker ants
  2 mummies (Ossuary)
  A hound zombie (D:7)
  2 hound skeletons
  6 worker ant zombies
  8 adders
  3 river rats (Lair:1)
  2 shadow imps
  An ooze (D:3)
  3 adder skeletons
  4 adder zombies
  3 worms
  2 dart slugs (D:1)
  8 leopard geckos
  30 orcs
  3 bats
  4 giant cockroaches
  11 goblins
  6 hobgoblins
  11 jackals
  10 kobolds
  6 quokkas
  5 frilled lizards
  A gnoll zombie (Ossuary)
  2 hobgoblin zombies (Ossuary)
  A jackal zombie (D:6)
  4 kobold zombies (Ossuary)
  7 orc zombies (Ossuary)
  A quokka skeleton (D:4)
  18 rats
  2 plants (Lair:4)
369 creatures vanquished.

Vanquished Creatures (others)
  A worker ant (D:4)
  41 fungi
  19 plants
61 creatures vanquished.

Grand Total: 430 creatures vanquished

Notes
Turn   | Place    | Note
-------+----------+-------------------------------------------
     0 | D:1      | Exodus22XD the Minotaur Fighter began the quest for the
                  | Orb.
     0 | D:1      | Reached XP level 1. HP: 19/19 MP: 0/0
   189 | D:1      | Reached XP level 2. HP: 27/27 MP: 1/1
   265 | D:1      | Reached skill level 3 in Axes
   514 | D:2      | Reached XP level 3. HP: 33/33 MP: 2/2
  1198 | D:3      | Reached XP level 4. HP: 17/40 MP: 3/3
  1937 | D:3      | Reached skill level 1 in Dodging
  2139 | D:4      | Reached skill level 4 in Axes
  2190 | D:4      | Reached XP level 5. HP: 27/46 MP: 4/4
  2404 | D:4      | Noticed Pikel
  2404 | D:4      | Noticed a slave
  2405 | D:4      | Noticed a slave
  2405 | D:4      | Noticed a slave
  2406 | D:4      | Noticed a slave
  2420 | D:4      | Killed Pikel
  2420 | D:4      | Reached skill level 6 in Axes
  2420 | D:4      | Reached skill level 5 in Armour
  2420 | D:4      | Reached skill level 5 in Shields
  2420 | D:4      | Reached XP level 6. HP: 29/55 MP: 5/5
  2420 | D:4      | Reached XP level 7. HP: 32/60 MP: 6/6
  2694 | D:4      | Reached skill level 5 in Fighting
  3141 | D:4      | Found a runed translucent door.
  3142 | D:4      | Noticed Crazy Yiuf
  3148 | D:4      | Killed Crazy Yiuf
  3239 | D:5      | Entered Level 5 of the Dungeon
  3414 | D:5      | Found a staircase to the Ecumenical Temple.
  3429 | Temple   | Entered the Ecumenical Temple
  3478 | Temple   | Became a worshipper of the Shining One
  3655 | D:5      | Reached skill level 7 in Axes
  3681 | D:5      | HP: 3/61 [orc priest/divine providence (13)]
  3682 | D:5      | Reached XP level 8. HP: 3/69 MP: 7/7
  4142 | D:5      | Noticed Sigmund
  4155 | D:5      | Killed Sigmund
  4322 | D:6      | Reached skill level 8 in Axes
  4331 | D:6      | Reached * piety under the Shining One
  4441 | D:6      | Noticed Grinder
  4455 | D:6      | Killed Grinder
  4455 | D:6      | Reached skill level 9 in Axes
  4484 | D:6      | Reached skill level 1 in Stealth
  4719 | D:6      | Reached XP level 9. HP: 75/75 MP: 8/8
  5226 | D:7      | Found a snail-covered altar of Cheibriados.
  5254 | D:7      | Reached ** piety under the Shining One
  5261 | D:7      | Reached skill level 10 in Axes
  5935 | D:8      | Reached skill level 11 in Axes
  6016 | D:8      | Found a sand-covered staircase.
  6020 | Ossuary  | Entered an ossuary
  6333 | Ossuary  | Reached *** piety under the Shining One
  6396 | Ossuary  | Reached **** piety under the Shining One
  6581 | D:8      | Found a sacrificial altar of Ru.
  6647 | D:8      | Reached XP level 10. HP: 88/88 MP: 9/9
  6998 | D:9      | Noticed Erolcha
  6999 | D:9      | Noticed a two-headed ogre
  7025 | D:9      | Killed a two-headed ogre
  7025 | D:9      | Reached skill level 12 in Axes
  7047 | D:9      | Killed Erolcha
  7474 | D:9      | Found a staircase to the Orcish Mines.
  7581 | D:9      | Reached skill level 13 in Axes
  7927 | D:10     | Entered Level 10 of the Dungeon
  7942 | D:10     | Reached ***** piety under the Shining One
  8000 | D:10     | Found an iron altar of Okawaru.
  8017 | D:10     | Reached XP level 11. HP: 91/97 MP: 10/10
  8480 | D:10     | Found a staircase to the Lair.
  8606 | D:10     | Got an ivory falchion
  8697 | D:10     | Reached skill level 10 in Armour
  8846 | Lair:1   | Entered Level 1 of the Lair of Beasts
  9564 | Lair:1   | Reached skill level 14 in Axes
  9913 | Lair:1   | Reached skill level 10 in Fighting
 10371 | Lair:2   | Found a staircase to the Snake Pit.
 11607 | Lair:3   | Found a staircase to the Swamp.
 11614 | Lair:3   | HP: 4/101 [tyrant leech (26)]
 12287 | Lair:3   | Reached XP level 12. HP: 74/108 MP: 11/11
 12816 | Lair:4   | Found an ancient bone altar of Kikubaaqudgha.
 12907 | Lair:4   | Noticed Josephine
 12947 | Lair:4   | Killed Josephine
 12947 | Lair:4   | Reached skill level 10 in Shields
 13903 | Lair:5   | Found a viscous altar of Jiyva.
 13903 | Lair:5   | Found a staircase to the Slime Pits.
 14334 | Lair:6   | Entered Level 6 of the Lair of Beasts
 14431 | Lair:6   | Reached ****** piety under the Shining One
 14434 | Lair:6   | Noticed a death yak
 14434 | Lair:6   | Noticed a death yak
 14437 | Lair:6   | Noticed a five-headed hydra
 14439 | Lair:6   | HP: 4/112 [black mamba (12)]
 14440 | Lair:6   | Mangled by a blink frog

Skill      XL: |  1  2  3  4  5  6  7  8  9 10 11 12 |
---------------+-------------------------------------+-----
Armour         | 4 5 6 7 8 9 11 12 | 12.5
Axes           | 3 4 6 7 9 11 13 14 | 14.5
Shields        | 4 5 6 7 8 9 10 | 10.9
Dodging        | 1 2 3 4 |  4.4
Fighting       | 4 5 6 7 9 10 11 | 11.8
Stealth        | 1 |  1.6

Action                   |  1- 3 |  4- 6 |  7- 9 | 10-12 || total
-------------------------+-------+-------+-------+-------++-------
Melee: War axe           |    94 |    62 |   290 |   402 ||   848
       Headbutt          |    15 |    15 |    54 |   105 ||   189
       Broad axe         |       |       |       |   170 ||   170
  Use: Scroll            |       |     8 |     6 |     8 ||    22
       Potion            |       |       |       |     9 ||     9
  Eat: Ration            |       |     2 |     1 |     9 ||    12
       Chunk             |       |       |     7 |     4 ||    11
Armor: Scale mail        |    47 |     8 |       |       ||    55
       Chain mail        |       |    16 |   132 |   188 ||   336
Dodge: Dodged            |    32 |    15 |    73 |   176 ||   296
       Deflected         |       |       |       |     5 ||     5
Block: Shield            |    57 |    24 |   140 |   332 ||   553
